 Dungeon Crawl Stone Soup version 0.30-b1-5-g8e6c1be481 (webtiles) character file.

Game seed: 12773224715248778306

35 Mysteryquy the Trooper (level 3, -2/29 HPs)
             Began as a Demonspawn Fighter on May 4, 2023.
             Slain by Jessica
             ... wielding a +0 club
              (3 damage)
             ... on level 2 of the Dungeon.
             The game lasted 00:00:57 (813 turns).

Mysteryquy the Trooper (Demonspawn Fighter)          Turns: 813, Time: 00:00:57

Health: -2/29      AC:  6    Str: 16    XL:     3   Next: 17%
Magic:  3/3        EV:  9    Int:  9    God:
Gold:   61         SH:  5    Dex: 14    Spells: 2/2 levels left

rFire   . . .        a - +0 long sword
rCold   . . .        c - +0 buckler
rNeg    . . .        b - +0 scale mail
rPois   .            (no helmet)
rElec   .            (no cloak)
rCorr   .            (no gloves)
SInv    .            (no boots)
Will    .....        (no amulet) Stlth
                     (no ring)
HPRegen 0.24/turn    (no ring)
MPRegen 0.08/turn

%: no passive effects
@: lethally poisoned (-2 -> -5)
A: weakness stinger 1
a: no special abilities


You were on level 2 of the Dungeon.
You visited 1 branch of the dungeon, and saw 2 of its levels.

You collected 61 gold pieces.

Inventory:

Hand Weapons
 a - a +0 long sword (weapon)
Armour
 b - a +0 scale mail (worn)
 c - a +0 buckler (worn)
Scrolls
 e - a scroll of fog {unknown}
 g - 3 scrolls of identify {unknown}
Potions
 d - a potion of might
 f - a potion of curing {unknown}
 h - 2 potions of flight {unknown}


   Skills:
 + Level 3.3 Fighting
 + Level 2.4 Long Blades
 + Level 2.9 Armour
 + Level 0.3 Dodging
 + Level 3.0 Shields


You had 2 spell levels left.
You didn't know any spells.
Your spell library contained the following spells:

 Spells                   Type           Power      Damage    Failure   Level
 Scorch                   Fire           0%         2d5       96%         2
 Flame Wave               Conj/Fire      0%         2d4       100%        4
 Summon Cactus Giant      Summ           0%         N/A       100%        6


Dungeon Overview and Level Annotations

Branches:
Dungeon (2/15)

Altars:

Annotations:
D:2 Jessica


Innate Abilities, Weirdness & Mutations

You have a small tail.


Message History

Jessica seems to speed up.
The adder bites you but does no damage.
You miss the adder. The adder bites you but does no damage.
The adder bites you.
You are poisoned.
The adder poisons you!
You closely miss the adder.
You feel very sick. The adder bites you.
You barely miss the adder.
You feel sick.
Jessica mumbles some strange words.
Jessica blinks!
The adder bites you but does no damage.
Jessica casts a spell.
Jessica blinks!
The adder bites you.
You are more poisoned.
The adder poisons you!
You barely miss the adder.
You feel very sick. Jessica hits you with a +0 club.
The adder bites you but does no damage. Jessica closely misses you.
The adder bites you but does no damage.
Unknown command.
You are too injured to fight recklessly!
Unknown command.
Unknown command.
You are too injured to fight recklessly!
Unknown command.
You are too injured to fight recklessly!
Unknown command.
You are too injured to fight recklessly!
Unknown command.
You are too injured to fight recklessly!
Unknown command.
You are too injured to fight recklessly!
Unknown command.
You barely miss the adder.
You feel sick. Jessica hits you with a +0 club.
* * * LOW HITPOINT WARNING * * *
The adder bites you.
* * * LOW HITPOINT WARNING * * *
Jessica hits you with a +0 club.
You die...

##@.#
#######...###.
#####..............
#
#............####.#
#.##.##.#.####.#
#.......#......#
####.##.#ยง######
#.##.#S# #.####@#
#.# #@# #.# #.# #<#
#.. #.# #.# ### ###


You could see an adder and Jessica (fast).

Vanquished Creatures
  A dart slug (D:1)
  2 ball pythons (D:1)
  2 endoplasms (D:1)
  3 goblins (D:1)
  6 hobgoblins (D:1)
  A quokka (D:1)
  7 bats (D:1)
  2 frilled lizards (D:1)
  3 kobolds (D:1)
  2 rats (D:1)
29 creatures vanquished.

Notes
Turn   | Place    | Note
-------+----------+-------------------------------------------
     0 | D:1      | Mysteryquy the Demonspawn Fighter began the quest for the
                  | Orb.
     0 | D:1      | Reached XP level 1. HP: 18/18 MP: 1/1
   128 | D:1      | Gained mutation: You have a small tail. [demonic ancestry]
   128 | D:1      | Reached XP level 2. HP: 19/24 MP: 2/2
   433 | D:1      | Reached XP level 3. HP: 29/29 MP: 3/3
   798 | D:2      | Noticed Jessica
   813 | D:2      | HP: 1/29 [adder (1)]
   813 | D:2      | Slain by Jessica

Illustrated notes

Levels and vault maps discovered:
D:1:      onia_arrival_pentagram, layout_loops_ring, minmay_misc_feat_nine_boxes
D:2:      layout_basic, ebering_ecumenical_altar_hall, uniq_jessica

Skill      XL: |  1  2 |
---------------+-------+-----
Long Blades    | 2 |  2.4
Shields        | 3 |  3.0
Fighting       | |  3.3
Armour         | |  2.9
Dodging        | |  0.3

Action                     || total
---------------------------++-------
  Melee: Long sword        ||    81
         Tailslap          ||     3
 Armour: Scale mail        ||    48
  Dodge: Dodged            ||    37
  Block: Buckler           ||    24
